 Dungeon Crawl Stone Soup version 0.27-a0-1154-gfdeffcb (webtiles) character file.

Game seed: 9163302623167036585

137 Meow the Stinger (level 5, -7/42 HPs)
             Began as a Naga Venom Mage on May 14, 2021.
             Killed by divine providence
             ... invoked by an orc priest
              (9 damage)
             ... on level 4 of the Dungeon.
             The game lasted 00:07:37 (2410 turns).

Meow the Stinger (Naga Venom Mage)                  Turns: 2410, Time: 00:07:38

Health: -7/42      AC:  3    Str: 10    XL:     5   Next: 20%
Magic:  2/10       EV:  9    Int: 17    God:
Gold:   91         SH:  0    Dex: 11    Spells: 4/11 levels left

rFire    . . .     SeeInvis +   a - +1 mace
rCold    . . .     Faith    .   (no shield)
rNeg     . . .     Spirit   .   d - +1 robe
rPois    +         Reflect  .   (no helmet)
rElec    .         Harm     .   (no cloak)
rCorr    .         Rampage  .   (no gloves)
Will     .....                  (no barding)
Stlth    ++........             (no amulet)
HPRegen  0.14/turn              (no ring)
MPRegen  0.12/turn              (no ring)

@: very slow
A: AC +1, large, see invisible, deformed body, poison resistance, slowness 2,
spit poison 1, naga tail 1
a: Spit Poison


You were on level 4 of the Dungeon.
You visited 1 branch of the dungeon, and saw 4 of its levels.

You collected 91 gold pieces.

Inventory:

Hand Weapons
 a - a +1 mace (weapon)
Missiles
 b - 18 poisoned darts
 h - 102 stones
 j - 20 bolts
Armour
 d - a +1 robe (worn)
Jewellery
 k - a +4 ring of evasion
Scrolls
 e - a scroll of teleportation {unknown}
 g - a scroll of identify {unknown}
 l - a scroll of enchant armour
 m - a scroll of enchant weapon
 n - a scroll of fog {unknown}
 q - a scroll of amnesia {unknown}
 r - a scroll of blinking {unknown}
Potions
 f - a potion of invisibility {unknown}
 i - a potion of haste {unknown}
 o - a potion of attraction {unknown}
 p - 2 potions of curing {unknown}


   Skills:
 - Level 1.5 Dodging
 - Level 3.0 Stealth
 + Level 3.6 Spellcasting
 - Level 1.0 Transmutations
 + Level 6.0 Poison Magic


You had 4 spell levels left.
You knew the following spells:

 Your Spells              Type           Power      Damage    Failure   Level
a - Sting                 Tmut/Pois      60%        1d6       3%          1
c - Mephitic Cloud        Conj/Pois/Air  10%        N/A       22%         3
C - Ignite Poison         Fire/Tmut/Pois 11%        N/A       19%         3

Your spell library contained the following spells:

 Spells                   Type           Power      Damage    Failure   Level
 Poisonous Vapours        Pois/Air       26%        N/A       7%          2
 Olgreb's Toxic Radiance  Pois           23%        N/A       13%         4
 Animate Skeleton         Necr           6%         N/A       16%         1
 Magic Dart               Conj           12%        1d3       16%         1
 Pain                     Necr           12%        1d4       16%         1
 Searing Ray              Conj           6%         3d3       24%         2
 Confusing Touch          Hex            3%         N/A       43%         3
 Dazzling Flash           Conj/Hex       6%         N/A       43%         3
 Gell's Gravitas          Tloc           1%         N/A       43%         3
 Vampiric Draining        Necr           1%         2d6       43%         3
 Petrify                  Tmut/Erth      4%         N/A       78%         4
 Animate Dead             Necr           1%         N/A       85%         4
 Fulminant Prism          Conj/Hex       1%         3d6       85%         4
 Iskenderun's Mystic Bla  Conj/Tloc      3%         2d3       85%         4
 Yara's Violent Unravell  Hex/Tmut       2%         3d3       98%         5
 Agony                    Necr           3%         N/A       99%         5
 Metabolic Englaciation   Hex/Ice        1%         N/A       99%         5


Dungeon Overview and Level Annotations

Branches:
Dungeon (4/15)
 Temple: D:4-7

Altars:
Xom

Shops:
D:1 [

Annotations:
D:2 Sigmund


Innate Abilities, Weirdness & Mutations

Your serpentine skin is tough. (AC +1)
You have supernaturally acute eyesight. (SInv)
Armour fits poorly on your strangely shaped body.
Your system is resistant to poisons. (rPois)
You cover ground very slowly.
You can spit poison.
You have a snake-like lower body.


Message History

Press: ? - help, Shift-Dir - straight line, p - ogre The ball explodes into a vile cloud!
The stinking cloud engulfs the orc but does no damage.
The stinking cloud engulfs the orc priest but does no damage.
The orc priest is engulfed in noxious fumes.
The orc priest appears confused.
Unknown command.
Unknown command.
The orc hits you with a +0 club.
* * * LOW HITPOINT WARNING * * *
Unknown command.
Casting: Mephitic Cloud (quite dangerous; 22% risk of failure)
Confirm with . or Enter, or press ? or * to list all spells.
The spell is quite dangerous to cast (22% risk of failure)!
Continue anyway?
Aiming: Mephitic Cloud (quite dangerous; 22% risk of failure)
Press: ? - help, Shift-Dir - straight line, f - orc
Aim: an orc, wielding a +0 club and wearing a +0 leather armour (chance to affect: 96%)
The ball explodes into a vile cloud!
The stinking cloud engulfs the orc but does no damage.
The stinking cloud engulfs the ogre but does no damage.
The stinking cloud engulfs you but does no damage.
You hear an angry hiss.
The ogre hits the orc with a +0 giant spiked club.
The orc is engulfed in noxious fumes.
The orc appears confused.
The orc hits you but does no damage.
Unknown command.
Unknown command.
A kobold comes into view. It is wielding a +0 short sword.
The orc is engulfed in noxious fumes.
The orc appears confused.
You kill the orc!
The orc priest closely misses the orc.
The ogre is engulfed in noxious fumes.
The ogre appears confused.
The orc priest misses the orc.
You see here a +0 mace.
The ogre is engulfed in noxious fumes.
You see here an iguana corpse.
The orc priest seems less confused.
The orc priest mumbles some strange prayers to Beogh against you.
Beogh smites you!
You die...

####### #####.....########
#...'.....'.......
#########.###.....########
..........###.....#####
.#######...##.....#...#
.<.....'...'†....>'...#
########...##...@.#...#
....# #...######†#...###
....# #...######)'..^'..
.♣#♣#♣#♣...#......#.K.###
...........#.....°###.#
#♣#♣#♣#♣...#....Oo# ...
#...#......# #...
#####.....o# ...
#............#


You could see an orc priest, an orc and a kobold (wandering).

Vanquished Creatures
  An iguana (D:4)
  A howler monkey skeleton (D:4)
  4 adders
  2 worms
  3 dart slugs
  2 orcs (D:4)
  8 ball pythons
  4 endoplasms
  3 giant cockroaches
  2 hobgoblins
  6 jackals
  3 kobolds (D:2)
  A quokka (D:3)
  A bat (D:1)
  2 frilled lizards
  5 goblins
  5 rats
53 creatures vanquished.

Vanquished Creatures (others)
  2 plants
2 creatures vanquished.

Grand Total: 55 creatures vanquished

Notes
Turn   | Place    | Note
-------+----------+-------------------------------------------
     0 | D:1      | Meow the Naga Venom Mage began the quest for the Orb.
     0 | D:1      | Reached XP level 1. HP: 15/15 MP: 3/3
   139 | D:1      | Found Upteh's Armour Shoppe.
   307 | D:1      | Reached XP level 2. HP: 22/22 MP: 5/5
  1045 | D:2      | Reached XP level 3. HP: 28/28 MP: 4/7
  1049 | D:2      | Learned a level 3 spell: Mephitic Cloud
  1374 | D:2      | Reached skill level 5 in Poison Magic
  1468 | D:2      | Reached XP level 4. HP: 32/36 MP: 8/8
  1472 | D:2      | Learned a level 3 spell: Ignite Poison
  1517 | D:2      | Found a shimmering altar of Xom.
  1520 | D:2      | Noticed Sigmund
  1746 | D:3      | Found a faded altar of an unknown god.
  1750 | D:3      | Found a faded altar of an unknown god.
  2345 | D:4      | Reached skill level 6 in Poison Magic
  2345 | D:4      | Reached XP level 5. HP: 42/42 MP: 5/10
  2397 | D:4      | Noticed an ogre
  2405 | D:4      | HP: 1/42 [orc/+0 club (4)]
  2410 | D:4      | Killed from afar by an orc priest

Illustrated notes

Levels and vault maps discovered:
D:1:      elethiomel_arrival_shortcut, layout_basic, serial_shops, shop,
          chequers_big_river, st_stairs_6
D:2:      layout_basic, basic_altar, uniq_sigmund, uniq_jessica
D:3:      layout_basic, hellmonk_ecumenical_altar_the_god_not_taken
D:4:      layout_basic, serial_forest, infiniplex_forest_split,
          infiniplex_forest_lined_2, infiniplex_forest_clump_diagonal,
          infiniplex_forest_straight_4, infiniplex_forest_end_2,
          infiniplex_forest_clump_large, infiniplex_forest_lined_1

Skill      XL: |  1  2  3  4 |
---------------+-------------+-----
Poison Magic   | 5 6 |  6.0
Spellcasting   | 3 |  3.6
Dodging        | |  1.5
Stealth        | |  3.0
Transmutations | |  1.0

Action                   |  1- 3 |  4- 6 || total
-------------------------+-------+-------++-------
Melee: Mace              |    10 |    15 ||    25
 Cast: Sting             |    18 |    19 ||    37
       Mephitic Cloud    |     3 |     5 ||     8
       Ignite Poison     |       |     1 ||     1
 Abil: Spit Poison       |    36 |    19 ||    55
  Use: Scroll            |       |     4 ||     4
 Stab: Confused          |     2 |       ||     2
Armor: Robe              |     4 |     8 ||    12
Dodge: Dodged            |    19 |    13 ||    32

Table legend: (Time is in decaauts)
 A = Elapsed time spent in this place.
 B = Non-inter-level travel time spent in this place.
 C = Inter-level travel time spent in this place.
 D = Time resting spent in this place.
 E = Time spent auto-exploring this place.
 F = Levels seen in this place.
 G = Mean time per level.
                   A        B        C        D        E       F      G
               +--------+--------+--------+--------+--------+-----+--------+
         Total |   3125 |   2980 |    145 |    489 |   2007 |   4 |  781.2 |
       Dungeon |   3125 |   2980 |    145 |    489 |   2007 |   4 |  781.2 |
               +--------+--------+--------+--------+--------+-----+--------+

Top non-repeatable levels by time:
     D:1: 1199 daAuts
     D:3: 897 daAuts
     D:2: 797 daAuts
     D:4: 231 daAuts
